 Dungeon Crawl Stone Soup version bcrawl-1.17.3 (webtiles) character file.

Game seed: 3930439749291136061

49 Ethylacetat the Sneak (level 3, -8/27 HPs)
             Began as a Demonspawn Archaeologist on Oct 19, 2019.
             Was an Initiate of Cheibriados.
             Killed by divine providence
             ... invoked by an orc priest
              (11 damage)
             ... on level 3 of the Dungeon.
             The game lasted 00:02:35 (1614 turns).

Ethylacetat the Sneak (Demonspawn Archaeologist)    Turns: 1614, Time: 00:02:36

Health: -8/27      AC:  7    Str: 12    XL:     3   Next: 51%
Magic:  3/3        EV: 13    Int: 16    God:    Cheibriados [......]
Gold:   178        SH:  0    Dex: 13    Spells: 2/2 levels left

rFire    . . .     SeeInvis .   a - +0 whip
rCold    . . .     Gourm    .   (no shield)
rNeg     . . .     Faith    .   b - +1 robe
rPois    .         Spirit   .   c - +1 hat
rElec    .         Reflect  .   (no cloak)
rCorr    .         Harm     .   (no gloves)
MR       .....                  d - +1 pair of boots
Stlth    ++........             (no amulet)
HPRegen  0.09/turn              m - +1 ring of protection
MPRegen  0.08/turn              (no ring)

@: studying Crossbows, very slow
A: demonic guardian 1
a: Bend Time, Renounce Religion


You were on level 3 of the Dungeon.
You worshipped Cheibriados.
Cheibriados was noncommittal.
You were hungry.

You visited 1 branch of the dungeon, and saw 3 of its levels.

You collected 178 gold pieces.

Inventory:

Hand Weapons
 a - a +0 whip (weapon)
Armour
 b - a +1 robe (worn)
 c - a +1 hat (worn)
 d - a +1 pair of boots (worn)
Jewellery
 m - a +1 ring of protection (left hand)
 s - an uncursed amulet of magic regeneration {unknown}
Scrolls
 i - 4 scrolls of fear {unknown}
 j - 6 scrolls of identify {unknown}
 k - a scroll of enchant weapon {unknown}
 n - a scroll of enchant armour {unknown}
 o - 4 scrolls of remove curse {unknown}
 r - a scroll of teleportation {unknown}
Potions
 h - a potion of mutation {unknown}
 l - a potion of brilliance {unknown}
 p - a potion of berserk rage {unknown}
Books
 e - a manual of Crossbows
Miscellaneous
 f - an ancient crate
Comestibles
 g - 2 rations {!d}


   Skills:
 + Level 2.0 Fighting
 * Level 2.5 Maces & Flails
 + Level 0.8 Crossbows
 - Level 2.6 Dodging
 - Level 3.0 Stealth


You had 2 spell levels left.
You didn't know any spells.
Your spell library was empty.

Dungeon Overview and Level Annotations

Branches:
Dungeon (3/12)

Altars:
Ashenzari
Cheibriados
Hepliaklqana


Innate Abilities, Weirdness & Mutations

A weak demonic guardian rushes to your aid.


Message History

The jackal dies!
Cheibriados appreciates the change of pace.
Your shadow imp barely misses the orc priest.
The orc wizard hits you but does no damage.
The jackal barely misses you. The jackal closely misses you.
You miss the orc wizard.
The orc wizard is almost dead.
The orc priest hits your shadow imp but does no damage.
The orc wizard hits your shadow imp but does no damage.
The jackal bites you but does no damage. x2
Your shadow imp gestures at the orc priest.
The orc priest writhes in agony.
You miss the orc wizard.
The orc wizard is almost dead.
The orc wizard hits your shadow imp but does no damage.
The jackal bites you but does no damage.
The jackal misses you.
The orc priest calls down the wrath of Beogh upon you.
Beogh smites you!
You die...

.........# ). ......#.#
...#.......# #
...#.#.....#. ..........
#..$o..# #.)hhoo#
#..†@5.#### #....5......
...#.....###############
......>...'........#...<#
.#........########.#.####
#.###....########.#.# #
#.............#.#
#...............#
#....############


You could see an orc priest, an orc wizard, an orc, 2 jackals, a friendly quasit
and a friendly shadow imp.

Vanquished Creatures
  An adder (D:2)
  A worm (D:2)
  3 dart slugs
  A leopard gecko (D:1)
  5 bats
  6 hobgoblins
  2 quokkas (D:2)
  A ball python (D:1)
  3 frilled lizards
  3 goblins
  2 kobolds
  2 rats (D:1)
30 creatures vanquished.

Vanquished Creatures (collateral kills)
  A jackal (D:3)
1 creature vanquished.

Grand Total: 31 creatures vanquished

Notes
Turn   | Place    | Note
-------+----------+-------------------------------------------
     0 | D:1      | Ethylacetat the Demonspawn Archaeologist began the quest
                  | for the Orb.
     0 | D:1      | Reached XP level 1. HP: 15/15 MP: 1/1
    83 | D:1      | Reached skill level 1 in Maces & Flails
   199 | D:1      | Gained mutation: A weak demonic guardian rushes to your
                  | aid. [demonic ancestry]
   199 | D:1      | Reached XP level 2. HP: 19/21 MP: 2/2
   808 | D:2      | Found a shattered altar of Ashenzari.
   925 | D:2      | Reached XP level 3. HP: 23/27 MP: 3/3
  1009 | D:2      | Found a hazy altar of Hepliaklqana.
  1043 | D:2      | Found a snail-covered altar of Cheibriados.
  1052 | D:2      | Became a worshipper of Cheibriados the Contemplative
  1614 | D:3      | Killed from afar by an orc priest

Skill      XL: |  1  2  3 |
---------------+----------+-----
Maces & Flails | 1 2 |  2.5
Fighting       | 2 |  2.0
Crossbows      | |  0.8
Dodging        | |  2.6
Stealth        | |  3.0

Action                   || total
-------------------------++-------
Melee: Whip              ||   160
 Stab: Sleeping          ||    11
  Eat: Chunk             ||     2
Armor: Robe              ||    63
Dodge: Dodged            ||   132
